 Dungeon Crawl Stone Soup version 0.21-a0-529-g8c7b3f5 (webtiles) character file.

51 rgaf the Scratcher (level 3, 15/15 HPs)
             Began as a Felid Transmuter on Dec 9, 2017.
             Was an Initiate of Dithmenos.
             Quit the game on level 3 of the Dungeon.
             The game lasted 00:02:47 (3099 turns).

rgaf the Scratcher (Felid Transmuter)               Turns: 3099, Time: 00:02:48

Health: 15/15      AC:  1    Str:  6    XL:     3   Next: 58%
Magic:  7/7        EV: 18    Int: 15    God:    Dithmenos [......]
Gold:   99         SH:  0    Dex: 16    Spells: 0/6 levels left
                                        Lives:  0   Deaths: 1

rFire    . . .     SeeInvis +     - Unarmed
rCold    . . .     Gourm    .   (shield unavailable)
rNeg     . . .     Faith    .   (armour unavailable)
rPois    .         Spirit   .   (helmet unavailable)
rElec    .         Reflect  .   (cloak unavailable)
rCorr    .         Harm     .   (gloves unavailable)
MR       .....                  (boots unavailable)
Stlth    ++........             (no amulet)
HPRegen  0.05/turn              (no ring)
MPRegen  0.10/turn              (no ring)

@: quick
A: very small, no armour, no weapons or thrown items, stealth, claws 1, fangs 3,
see invisible, carnivore 3, speed 1, shaggy fur 1, slow metabolism 1, sharp paws
a: Renounce Religion


You were on level 3 of the Dungeon.
You worshipped Dithmenos.
Dithmenos was noncommittal.
You were not hungry.

You visited 1 branch of the dungeon, and saw 3 of its levels.

You collected 99 gold pieces.

Inventory:

Missiles
 a - 71 arrows
Scrolls
 d - 3 scrolls of remove curse {unknown}
 f - a scroll of amnesia {unknown}
 g - 2 scrolls of teleportation {unknown}
 h - 4 scrolls of identify {unknown}
 k - 4 scrolls of fear {unknown}
Potions
 e - a potion of brilliance {unknown}
 i - 2 potions of curing
 j - 2 potions of magic {unknown}
 l - 2 potions of heal wounds {unknown}
 m - 2 potions of flight {unknown}
 p - a potion of lignification {unknown}
 q - a potion of might {unknown}
Books
 b - a book of Changes

   Spells                             Type                      Level
   a - Beastly Appendage              Transmutation                1
   b - Sticks to Snakes               Transmutation                2
   c - Spider Form                    Transmutation/Poison         3
   d - Ice Form                       Ice/Transmutation            4
   e - Blade Hands                    Transmutation                5
Comestibles
 c - a meat ration
 n - 9 chunks of flesh
 o - a royal jelly


   Skills:
 - Level 1.0 Fighting
 - Level 2.6 Dodging
 * Level 4.8 Unarmed Combat
 - Level 2.0 Spellcasting
 + Level 3.4 Transmutations


You couldn't memorise any spells.
You knew the following spells:

 Your Spells              Type           Power        Failure   Level  Hunger
a - Beastly Appendage     Tmut           ##....       5%          1    #......
b - Sticks to Snakes      Tmut           ##......     9%          2    ###....
c - Spider Form           Tmut/Pois      #.........   32%         3    ###....


Dungeon Overview and Level Annotations

Branches:
Dungeon (3/15)

Altars:
Dithmenos
Wu Jian


Innate Abilities, Weirdness & Mutations

You cannot wear armour.
You are incapable of wielding weapons or throwing items.
Your paws allow you to move quietly. (Stealth)
You have sharp claws.
You have razor-sharp teeth.
You have supernaturally acute eyesight. (SInv)
You are carnivorous and can eat meat at any time.
You cover ground quickly.
You are covered in fur. (AC +1)
You have a slow metabolism.
Your sharp claws are effective at attacking unaware monsters.


Message History

You closely miss the orc priest. Your headbutt misses the orc priest.
The orc priest misses you.
The orc priest calls down the wrath of Beogh upon you.
Beogh smites you!
Ouch! That really hurt!
You barely miss the orc priest.
Unknown command.
You closely miss the orc priest.
The orc priest calls down the wrath of Beogh upon you.
Beogh smites you!
Ouch! That really hurt!
You die...
Your shape twists and changes as you die.
Some of the chunks of flesh in your inventory have rotted away.
You are now level 3!
Your horns disappear.
You rejoin the land of the living...
Found a dagger.
Unknown command.
Are you sure you want to abandon this character and quit the game? (Confirm with "yes".) # #. #. ##.##.######### #......@..).... ..#############

There were no monsters in sight!

Vanquished Creatures
  5 adders
  2 oozes
  A dart slug (D:2)
  2 leopard geckos
  3 orcs (D:3)
  3 giant cockroaches
  4 goblins
  5 hobgoblins
  5 jackals
  A ball python (D:1)
  5 bats
  A frilled lizard (D:1)
  5 kobolds
  5 rats
47 creatures vanquished.

Vanquished Creatures (collateral kills)
  An adder (D:2)
  A ball python (D:2)
2 creatures vanquished.

Grand Total: 49 creatures vanquished

Notes
Turn   | Place    | Note
-------+----------+-------------------------------------------
     0 | D:1      | rgaf the Felid Transmuter began the quest for the Orb.
     0 | D:1      | Reached XP level 1. HP: 9/9 MP: 4/4
   559 | D:1      | Reached XP level 2. HP: 8/12 MP: 6/6
  1262 | D:2      | Learned a level 2 spell: Sticks to Snakes
  1396 | D:2      | Reached XP level 3. HP: 10/15 MP: 5/7
  1484 | D:2      | Learned a level 3 spell: Spider Form
  1517 | D:2      | Reached skill level 4 in Unarmed Combat
  2184 | D:2      | Found an ornate altar of the Wu Jian Council.
  2271 | D:2      | Reached XP level 4. HP: 18/19 MP: 8/8
  2810 | D:3      | Found a shadowy altar of Dithmenos.
  2942 | D:3      | Became a worshipper of Dithmenos the Shadowed
  3098 | D:3      | Killed from afar by an orc priest
  3099 | D:3      | Reached XP level 3. HP: -2/15 MP: 4/7
  3099 | D:3      | Quit the game

Vault maps used:
D:1:      dpeg_arrival_chase
D:2:      lemuel_coloured_pillars_altar, minmay_misc_feat_four_crosses
D:3:      nicolae_dithmenos_shadow_blocks, first_bread,
          corexii_item_surrounded_by_moat

Skill      XL: |  1  2  3 |
---------------+----------+-----
Unarmed Combat | 4 |  4.8
Transmutations | 3 |  3.4
Fighting       | |  1.0
Dodging        | |  2.6
Spellcasting   | |  2.0

Action                   |  1- 3 |  4- 6 || total
-------------------------+-------+-------++-------
Melee: Unarmed           |   105 |    50 ||   155
       Punch             |     3 |       ||     3
       Bite              |     4 |     3 ||     7
       Headbutt          |     1 |     3 ||     4
 Cast: Beastly Appendage |     3 |     4 ||     7
       Sticks to Snakes  |     2 |     2 ||     4
  Use: Potion            |     1 |       ||     1
 Stab: Sleeping          |     4 |       ||     4
  Eat: Chunk             |    10 |     2 ||    12
Armor: Skin              |     8 |     2 ||    10
Dodge: Dodged            |    90 |    35 ||   125

Table legend:
 A = Spawn XP
 B = Non-spawn XP
 C = Spawn XP percentage of total XP
 D = Spawn monster count
 E = Non-spawn monster count
 F = Spawn count percentage of total count
 G = Total turns spent on level
                    A         B        C        D         E        F      G
               +---------+---------+-------+---------+---------+-------+---------
         Total |       0 |     157 |   0.0 |       0 |      49 |   0.0 |  3099
               +---------+---------+-------+---------+---------+-------+---------
           D:1 |       0 |      24 |   0.0 |       0 |      13 |   0.0 |  1246
           D:2 |       0 |      73 |   0.0 |       0 |      20 |   0.0 |  1094
           D:3 |       0 |      60 |   0.0 |       0 |      16 |   0.0 |   759
               +---------+---------+-------+---------+---------+-------+---------
